 Dungeon Crawl Stone Soup version 0.31-a0-1098-g6898e6545c (webtiles) character file.

Game seed: 9935316906532649497

9 Dirtsage the Changeling (level 2, 2/18 HPs)
             Began as an Octopode Shapeshifter on Nov 30, 2023.
             Quit the game on level 1 of the Dungeon.
             The game lasted 00:01:02 (196 turns).

Dirtsage the Changeling (Octopode Shapeshifter)      Turns: 196, Time: 00:01:03

Health: 2/18       AC:  1    Str: 13    XL:     2   Next: 16%
Magic:  2/2        EV: 13    Int: 12    God:
Gold:   47         SH:  0    Dex: 11    Spells: 1/1 levels left

rFire   . .          .
                       - Unarmed
rCold   . . .        (no shield)
rNeg    . . .        (helmet currently unavailable)
rPois   .            (no amulet)
rElec   .            (no ring)
rCorr   .            (no ring)
SInv    .            (no ring)
Will    .....        (no ring)
Stlth   ++           (no ring)
HPRegen 0.23/turn    (no ring)
MPRegen 0.08/turn    (no ring)
                     (no ring)

%: no passive effects
@: lethally poisoned (2 -> -10), beast-form
A: beast (slay +1), almost no armour, amphibious, 8 rings, camouflage 1,
gelatinous body 1, (nimble swimmer 1), tentacles
a: Begin Untransformation


You were on level 1 of the Dungeon.
You were a hulking beast.
You visited 1 branch of the dungeon, and saw 1 of its levels.

You collected 47 gold pieces.

Inventory:

Talismans
 b - a beast talisman
 c - a flux talisman
Scrolls
 d - a scroll of identify {unknown}
Potions
 a - a potion of lignification


   Skills:
 + Level 1.2 Fighting
 - Level 2.0 Dodging
 + Level 3.1 Unarmed Combat
 * Level 3.2 Shapeshifting


You had one spell level left.
You didn't know any spells.
Your spell library was empty.

Dungeon Overview and Level Annotations

Branches:
Dungeon (1/15)

Altars:


Innate Abilities, Weirdness & Mutations

You are a hulking beast.
Your limbs bulge with bestial killing power. (Slay +1)
You cannot wear most types of armour.
You are amphibious.
You can wear up to eight rings at the same time.
Your skin changes colour to match your surroundings (Stealth+).
Your rubbery body absorbs attacks. (AC +1, EV +1)
((You are camouflaged when in or above water. (Stealth+)))
You have tentacles for arms and can constrict up to eight enemies at once.


Message History

Things that are here:
a +0 short sword; a kobold corpse You now have 47 gold pieces (gained 5).
A hobgoblin comes into view.
A hobgoblin is nearby!
Found a faded altar of an unknown god.
You closely miss the hobgoblin. Your grab misses the hobgoblin.
Your squeeze misses the hobgoblin. The hobgoblin hits you.
You take 5 damage, and have 13/18 hp.
MASSIVE DAMAGE!!
You tentacle-slap the hobgoblin.
You kill the hobgoblin!
e - a metallic golden potion Health restored: 18 A goblin comes into view.
It is wielding a +2 dagger of venom.
The goblin shouts!
The goblin hits you with a +2 dagger of venom.
You are poisoned.
You take 5 damage, and have 13/18 hp.
MASSIVE DAMAGE!!
You closely miss the goblin. You grab the goblin. You squeeze the goblin.
The goblin is heavily wounded.
You constrict the goblin.
You feel very sick.
The goblin hits you with a +2 dagger of venom.
You are lethally poisoned!
You take 4 damage, and have 9/18 hp.
MASSIVE DAMAGE!!
You are too injured to fight recklessly!
You are too injured to fight recklessly!
You tentacle-slap the goblin.
You kill the goblin!
* * * LOW HITPOINT WARNING * * *
You feel very sick.
A dart slug comes into view.
You take 4 damage, and have 5/18 hp.
MASSIVE DAMAGE!!
It was a potion of cancellation.
You feel magically purged.
* * * LOW HITPOINT WARNING * * *
You feel very sick.
You take 3 damage, and have 2/18 hp.
Okay, then.
Okay, then.
Are you sure you want to abandon this character and quit the game? (Confirm with "yes".)

#.##.# #.
#.##.########.###
#................
####......######
##..##.#
#.†.##.#######
#.............
#..#...#..#.##
#..#..h#.$#
##.#..)# !#
#.....? ..
#._...w. ..
#.#......#..
#.#......# #
#......# ........


You could see a dart slug (wandering).

Vanquished Creatures
  A hobgoblin (D:1)
  2 ball pythons (D:1)
  A frilled lizard (D:1)
  3 goblins (D:1)
  2 kobolds (D:1)
  A rat (D:1)
10 creatures vanquished.

Vanquished Creatures (others)
  A demonspawn (D:1)
  A vine stalker (D:1)
  A gargoyle (D:1)
  A merfolk (D:1)
  A troll (D:1)
  2 vampires (D:1)
  A spriggan (D:1)
  2 demigods (D:1)
  An orc (D:1)
  A kobold (D:1)
  6 tentacles (D:1)
18 creatures vanquished.

Grand Total: 28 creatures vanquished

Notes
Turn   | Place    | Note
-------+----------+-------------------------------------------
     0 | D:1      | Dirtsage the Octopode Shapeshifter began the quest for the
                  | Orb.
     0 | D:1      | Reached XP level 1. HP: 13/13 MP: 1/1
     0 | D:1      | Noticed a spriggan
     0 | D:1      | Noticed a demigod
     0 | D:1      | Noticed a vampire
     0 | D:1      | Noticed a vampire
     0 | D:1      | Noticed a kraken
     0 | D:1      | Noticed a gargoyle
     0 | D:1      | Noticed a merfolk
     0 | D:1      | Noticed a demonspawn
     0 | D:1      | Noticed a demigod
     0 | D:1      | Noticed a troll
     0 | D:1      | Noticed a vine stalker
     6 | D:1      | Killed a vampire
     7 | D:1      | Killed a demigod
     8 | D:1      | Killed a gargoyle
     8 | D:1      | Killed a spriggan
     8 | D:1      | Killed a demigod
     9 | D:1      | Killed a vine stalker
    10 | D:1      | Killed a merfolk
    12 | D:1      | Killed a vampire
    15 | D:1      | Killed a demonspawn
    15 | D:1      | Killed a troll
   118 | D:1      | Reached XP level 2. HP: 18/18 MP: 2/2
   160 | D:1      | Found a faded altar of an unknown god.
   196 | D:1      | Quit the game

Illustrated notes

Levels and vault maps discovered:
D:1:      nicolae_arrival_kraken_aquarium_a, layout_loops_ring,
          hellmonk_ecumenical_altar_lost_god,
          nicolae_concentric_dashed_squares_mild

Action                     || total
---------------------------++-------
  Melee: Unarmed           ||    14
         Tentacles         ||     2
         Constrict         ||     1
    Use: Potion            ||     1
   Stab: Sleeping          ||     3
 Armour: Skin              ||     6
  Dodge: Dodged            ||     6

Table legend: (Time is in decaauts)
 A = Elapsed time spent in this place.
 B = Non-inter-level travel time spent in this place.
 C = Inter-level travel time spent in this place.
 D = Time resting spent in this place.
 E = Time spent auto-exploring this place.
 F = Levels seen in this place.
 G = Mean time per level.
                   A        B        C        D        E       F      G
               +--------+--------+--------+--------+--------+-----+--------+
         Total |    195 |    195 |      0 |      0 |    143 |   1 |  195.0 |
       Dungeon |    195 |    195 |      0 |      0 |    143 |   1 |  195.0 |
               +--------+--------+--------+--------+--------+-----+--------+

Top non-repeatable levels by time:
     D:1: 195 daAuts
